 Dungeon Crawl Stone Soup version 0.31-a0-986-g5e6e4ef867 (webtiles) character file.

Game seed: 13618556708021107305

4879 lunkers the Martial Artist (level 11, -5/146 HPs)
             Began as a Meteoran Shapeshifter on Nov 8, 2023.
             Was an Initiate of Makhleb.
             Slain by a boulder beetle (16 damage)
             ... on level 8 of the Dungeon.
             The game lasted 00:09:51 (3201 turns).

lunkers the Martial Artist (Meteoran Shapeshifter)  Turns: 3201, Time: 00:09:52

Health: -5/146     AC:  8    Str: 21    XL:     11   Next: 6%
Magic:  12/12      EV: 13    Int: 11    God:    Makhleb [......]
Gold:   338        SH:  0    Dex: 19    Spells: 10/10 levels left

rFire   . .          .
                       - Unarmed
rCold   . . .        (shield currently unavailable)
rNeg    . . .        a - melded +1 animal skin
rPois   .            (helmet currently unavailable)
rElec   .            (cloak currently unavailable)
rCorr   .            (gloves currently unavailable)
SInv    .            (boots currently unavailable)
Will    +....        (no amulet) Stlth
                     (no ring)
HPRegen 0.44/turn    (no ring)
MPRegen 0.13/turn

%: no passive effects
@: berserking, snake-form, glowing, very quick
A: constrict, large, sense surroundings 2, otherworldly, glowing, explore regen
a: Begin Untransformation, Renounce Religion


You were on level 8 of the Dungeon.
You worshipped Makhleb.
Makhleb was noncommittal.
You were an enormous anaconda.
You visited 1 branch of the dungeon, and saw 8 of its levels.
You also visited: Sewer.

You collected 338 gold pieces.

Inventory:

Armour
 a - a +1 animal skin (melded)
 i - a +4 ring mail
 n - a +0 pair of gloves
 o - a +2 helmet
 u - +0 steam dragon scales
Jewellery
 j - a ring of magical power
Talismans
 c - a beast talisman
 d - a flux talisman
 f - a serpent talisman (active)
Wands
 l - a wand of iceblast (7)
 q - a wand of charming (6)
Potions
 b - a potion of lignification
 e - 6 potions of curing
 g - a potion of heal wounds
 h - a potion of mutation
 k - a potion of brilliance
 m - a potion of might
 s - a potion of degeneration {unknown}


   Skills:
 + Level 5.9 Fighting
 + Level 6.3 Dodging
 * Level 13.1 Unarmed Combat
 + Level 9.1 Shapeshifting


You had 10 spell levels left.
You didn't know any spells.
Your spell library contained the following spells:

 Spells                   Type           Power      Damage    Failure   Level
 Freeze                   Ice            0%         1d3       34%         1
 Frozen Ramparts          Ice            0%         1d1       71%         3
 Hailstorm                Conj/Ice       0%         3d3       71%         3
 Passage of Golubria      Tloc           0%         N/A       98%         4
 Silence                  Hex/Air        0%         N/A       100%        5
 Lehudib's Crystal Spear  Conj/Erth      0%         10d2      100%        8


Dungeon Overview and Level Annotations

Branches:
Dungeon (8/15) Zot: 1797    Sewer (visited)
 Temple: D:4-7         Lair: D:8-11

Altars:
Dithmenos
Makhleb

Shops:
D:8 =

Annotations:
D:6 2 transporters, Danienth's ghost, novice HuNe


Innate Abilities, Weirdness & Mutations

You are an enormous anaconda.
You have a powerful constriction melee attack.
Your armour is entirely melded.
You are incapable of wielding weapons or throwing items.
You passively map the area around you.
You are easily found by Zot.
You glow in the dark.
You regain HP and MP as you explore.


Message History

Unknown command.
The cyclops barely misses your vampire.
Things that are here:
a +0 whip; a +0 robe; a gnoll corpse Your vampire draws life force from the cyclops!!
Your vampire is healed by the life force!
The cyclops throws a large rock.
The large rock hits your vampire!!
Your vampire is destroyed!
You start waiting.
A cyclops is nearby!
A cyclops is nearby!
Aiming: Iceblast
Press: ? - help, Shift-Dir - straight line, f/p - cyclops
Aim: a cyclops, quivering large rocks (moderately wounded)
The mass of ice explodes!
The iceblast engulfs the cyclops!
The cyclops is heavily wounded.
The cyclops throws a large rock.
The large rock closely misses you.
Aiming: Iceblast
Press: ? - help, Shift-Dir - straight line, f/p - cyclops
Aim: a cyclops, quivering large rocks (heavily wounded)
The mass of ice explodes!
The iceblast engulfs the cyclops!
The cyclops is heavily wounded.
The cyclops throws a large rock.
The large rock hits you!!
* * * LOW HITPOINT WARNING * * *
Unknown command.
Okay, then.
A red film seems to cover your vision as you go berserk!
You feel yourself moving faster!
You feel mighty!
Unknown command.
You lash the boulder beetle! You grab the boulder beetle.
The boulder beetle is moderately wounded.
You constrict the boulder beetle, but do no damage.
You body-slam the boulder beetle!!
The boulder beetle is heavily wounded.
You constrict the boulder beetle, but do no damage.
You hit the boulder beetle but do no damage.
The boulder beetle is heavily wounded.
You constrict the boulder beetle, but do no damage.
The boulder beetle bites you!
You die...

##########.########.####.........
* , , ♣.♣ #.# ##.......# ,*,♣.♣
#.# ##.....## *,* ... , , ###
#####...## * ♣.♣ * ##.####'## * ,
♣.♣ , ##...##...# * ### ♣.♣**###
#.........# ♣♣C♣♣ ♣.♣ ♣♣B♣♣
##...##...###
D##♣.♣.♣♣♣.♣♣♣C♣S♣###.#.#.#......
y(C.♣♣♣.♣♣.♣♣.♣♣♣.#..#####.....##
o##♣♣ ♣♣.♣.♣.♣♣ ♣♣###.###.#...##
♣♣...♣♣ ##.#.###.## ,
#####♣)♣##### ##.## #.#
♣♣....♣.♣....♣♣ ### #.#
#♣....♣)♣.♣....♣# #.#
,#.....♣♣♣♣♣.....# #.#
*#♣....♣.♣.♣)...♣# #.#


You could see a boulder beetle.

Vanquished Creatures
  A centaur warrior (D:8)
  A two-headed ogre (D:8)
  Pikel (D:4)
  2 hornets (D:8)
  A steam dragon (D:7)
  Menkaure (D:4)
  3 water moccasins
  3 orc warriors
  2 black bears
  5 ice beasts
  2 ogres (D:6)
  A lemure (D:4)
  A bullfrog (D:7)
  A kobold brigand (D:7)
  A scorpion (D:7)
  2 wights (D:8)
  4 killer bees (D:8)
  A howler monkey (D:7)
  3 hounds
  2 jellies
  A gnoll bouda (D:8)
  7 orc priests
  An orc wizard (D:6)
  Robin (D:2)
  16 gnolls
  5 adders
  A shadow imp (D:8)
  3 white imps
  5 dart slugs
  16 orcs
  3 bats
  4 endoplasms
  2 giant cockroaches
  20 goblins
  5 hobgoblins
  12 kobolds
  A quokka (D:1)
  2 ball pythons (D:1)
  3 frilled lizards
  6 rats
152 creatures vanquished.

Vanquished Creatures (others)
  A vampire (D:8)
  A water moccasin (D:8)
2 creatures vanquished.

Grand Total: 154 creatures vanquished

Notes
Turn   | Place    | Note
-------+----------+-------------------------------------------
     0 | D:1      | lunkers the Meteoran Shapeshifter began the quest for the
                  | Orb.
     0 | D:1      | Reached XP level 1. HP: 16/16 MP: 2/2
   104 | D:1      | Reached skill level 4 in Unarmed Combat
   104 | D:1      | Reached XP level 2. HP: 21/23 MP: 3/3
   252 | D:1      | Reached XP level 3. HP: 28/28 MP: 4/4
   412 | D:2      | Reached XP level 4. HP: 11/35 MP: 5/5
   417 | D:2      | Reached skill level 5 in Unarmed Combat
   469 | D:2      | Reached XP level 5. HP: 25/40 MP: 6/6
   568 | D:2      | Noticed Robin
   583 | D:2      | Killed Robin
   587 | D:2      | HP: 1/22 [goblin/+0 club[Robin] (6)]
   795 | D:3      | Reached skill level 6 in Unarmed Combat
   869 | D:3      | Reached XP level 6. HP: 27/47 MP: 7/7
   876 | D:3      | Reached skill level 5 in Shapeshifting
  1257 | D:4      | Noticed Menkaure
  1258 | D:4      | You fall into a shaft and drop 2 floors!
  1309 | D:6      | Reached skill level 7 in Unarmed Combat
  1345 | D:6      | Reached XP level 7. HP: 22/52 MP: 8/8
  1345 | D:6      | Found a transporter.
  1346 | D:6      | Noticed a water moccasin
  1346 | D:6      | Noticed Danienth's ghost (novice HuNe)
  1346 | D:6      | Noticed a troll
  1347 | D:6      | Found a transporter.
  1352 | D:6      | HP: 1/34 [ice beast (12)]
  1362 | D:5      | Entered Level 5 of the Dungeon
  1438 | D:4      | Found a shadowy altar of Dithmenos.
  1454 | D:4      | Noticed Pikel
  1465 | D:4      | Killed Pikel
  1466 | D:4      | Reached skill level 9 in Unarmed Combat
  1466 | D:4      | Reached XP level 8. HP: 16/59 MP: 9/9
  1491 | D:4      | Killed Menkaure
  1529 | D:4      | Found a glowing drain.
  1542 | Sewer    | Entered a sewer
  1818 | D:5      | Reached skill level 10 in Unarmed Combat
  1818 | D:5      | Gained mutation: You passively map the area around you.
                  | [Meteoran growth]
  1818 | D:5      | Reached XP level 9. HP: 53/67 MP: 10/10
  2264 | D:6      | Reached skill level 11 in Unarmed Combat
  2560 | D:7      | Reached XP level 10. HP: 69/78 MP: 11/11
  2689 | D:7      | Found a burning altar of Makhleb.
  2706 | D:7      | Became a worshipper of Makhleb the Destroyer
  2743 | D:8      | Noticed a two-headed ogre
  2748 | D:8      | Killed a two-headed ogre
  2749 | D:8      | Reached skill level 5 in Dodging
  2749 | D:8      | Reached skill level 12 in Unarmed Combat
  2805 | D:8      | Found Etrocera's Jewellery Emporium.
  2844 | D:8      | Reached skill level 5 in Fighting
  3156 | D:8      | Noticed an efreet
  3157 | D:8      | Noticed a centaur warrior
  3157 | D:8      | Noticed a cyclops
  3157 | D:8      | Noticed a boulder beetle
  3169 | D:8      | Killed a centaur warrior
  3170 | D:8      | Reached skill level 13 in Unarmed Combat
  3170 | D:8      | Reached XP level 11. HP: 27/89 MP: 12/12
  3201 | D:8      | Slain by a boulder beetle

Illustrated notes

Levels and vault maps discovered:
D:1:      minmay_arrival_shattered_statue, layout_basic,
          dreamdust_ecumenical_altar_statues
D:2:      layout_loops_ring, uniq_robin
D:3:      layout_rooms, nemelex_spade_bored_becter
D:4:      layout_loops_ring, overflow_temple_1_default, portal_sewer_entry_b,
          uniq_pikel, uniq_menkaure
D:5:      layout_loops_ring, minmay_temple_entry_offerings
D:6:      layout_basic, gammafunk_ghost_arena
D:7:      layout_gridville, mainiacjoe_overflow_cross_hatched
D:8:      nzn_winding_woodlands_three_and_one
          [nzn_winding_woodlands_5x15_split_checker,
          nzn_winding_woodlands_5x15_sawtooth,
          nzn_winding_woodlands_5x15_parted,
          nzn_winding_woodlands_center_pierced_h], layout_loops_corners,
          serial_shops, nicolae_shop_hallway_plus, nicolae_lakefront_shop,
          nicolae_shop_pleasant_corner_grove, shop, nicolae_shop_hallway_plus

Skill      XL: |  1  2  3  4  5  6  7  8  9 10 |
---------------+-------------------------------+-----
Unarmed Combat | 4 5 6 7 9 10 11 13 | 13.1
Shapeshifting  | 4 5 6 7 8 9 |  9.1
Fighting       | 3 5 |  5.9
Dodging        | 4 6 |  6.3

Action                     |  1- 3 |  4- 6 |  7- 9 | 10-12 || total
---------------------------+-------+-------+-------+-------++-------
  Melee: Unarmed           |    50 |    95 |   120 |    78 ||   343
         Punch             |     2 |       |       |       ||     2
         Constrict         |       |    18 |    28 |    19 ||    65
  Evoke: Wand              |       |       |       |     5 ||     5
    Use: Potion            |       |     1 |       |     1 ||     2
         Scroll            |       |       |    11 |     1 ||    12
 Armour: Animal skin       |    24 |     3 |       |       ||    27
         Skin              |       |    52 |    78 |    68 ||   198
  Dodge: Dodged            |    21 |    31 |    51 |    42 ||   145
   Form: Anaconda          |       |     1 |       |       ||     1

Table legend: (Time is in decaauts)
 A = Elapsed time spent in this place.
 B = Non-inter-level travel time spent in this place.
 C = Inter-level travel time spent in this place.
 D = Time resting spent in this place.
 E = Time spent auto-exploring this place.
 F = Levels seen in this place.
 G = Mean time per level.
                   A        B        C        D        E       F      G
               +--------+--------+--------+--------+--------+-----+--------+
         Total |   3165 |   3081 |     84 |     80 |   1966 |   9 |  351.7 |
       Dungeon |   3001 |   2917 |     84 |      8 |   1923 |   8 |  375.1 |
         Sewer |    164 |    164 |      0 |     72 |     43 |   1 |  164.0 |
               +--------+--------+--------+--------+--------+-----+--------+

Top non-repeatable levels by time:
     D:2: 460 daAuts
     D:8: 460 daAuts
     D:7: 442 daAuts
     D:3: 414 daAuts
     D:4: 352 daAuts
     D:6: 323 daAuts
     D:1: 295 daAuts
     D:5: 252 daAuts
   Sewer: 164 daAuts
